 Dungeon Crawl Stone Soup version 0.17-a0-1987-gaf5a542 (webtiles) character file.

4735 Geeful the Grappler (level 10, -3/70 HPs)
             Began as a Human Wanderer on Oct 5, 2015.
             Was a Believer of Makhleb.
             Slain by an unseen horror (8 damage)
             ... on level 9 of the Dungeon on Oct 6, 2015.
             The game lasted 00:46:05 (12898 turns).

Geeful the Grappler (Human Wanderer)               Turns: 12898, Time: 00:46:05

Health: -3/70      AC:  7    Str: 16    XL:     10   Next: 74%
Magic:  14/14      EV: 10    Int: 15    God:    Makhleb [**....]
Gold:   392        SH:  0    Dex: 10    Spells: 0 memorised, 9 levels left

rFire  . . .     SeeInvis .       - Unarmed
rCold  + + .     Clarity  .     x - +0 ring mail {rC+}
rNeg   . . .     SustAt   .     (no shield)
rPois  .         Gourm    .     (no helmet)
rElec  .         Spirit   .     s - +0 cloak
rCorr  .         Warding  .     (no gloves)
rMut   .         Stasis   .     (no boots)
MR     ++...                    D - amulet of rage
Stlth  ..........               n - ring of protection from cold
                                i - ring of protection from magic

@: confused, very resistant to hostile enchantments, extremely unstealthy
A: hooves 1, magic resistance 1
a: Minor Destruction, Renounce Religion, Evoke Berserk Rage


You were on level 9 of the Dungeon.
You worshipped Makhleb.
Makhleb was pleased with you.
You were not hungry.

You visited 2 branches of the dungeon, and saw 11 of its levels.

You collected 432 gold pieces.
You spent 40 gold pieces at shops.

Inventory:

Missiles
 A - a throwing net (quivered)
 C - 34 poisoned needles
 E - 4 curare-tipped needles
Armour
 s - a +0 cloak (worn)
 x - a +0 ring mail of cold resistance (worn)
 y - a -1 leather armour
Jewellery
 i - a ring of protection from magic (left hand)
 m - a +2 ring of protection
 n - a ring of protection from cold (right hand)
 D - an amulet of rage (around neck)
 H - a +4 ring of dexterity
 I - a +2 ring of strength
Wands
 q - a wand of flame (5)
 u - a wand of frost (9)
Scrolls
 b - 2 scrolls of fear
 d - 3 scrolls of enchant weapon
 h - 5 scrolls of teleportation
 k - 8 scrolls of remove curse
 l - a scroll of recharging
 p - 3 scrolls of blinking
 r - 2 scrolls of fog
 t - 2 scrolls of random uselessness {unknown}
 v - a scroll of amnesia
 J - a scroll of enchant armour {unknown}
 K - a scroll of noise {unknown}
Potions
 a - a potion of berserk rage
 f - 2 potions of ambrosia
 j - 2 potions of curing
 z - 3 potions of agility
 B - 2 potions of flight
 F - 2 potions of haste
 G - a potion of degeneration
 L - a potion of brilliance
Comestibles
 c - 4 meat rations
 e - 7 bread rations
 g - a beef jerky


   Skills:
 - Level 3.0 Fighting
 - Level 1.0 Throwing
 + Level 6.6 Armour
 - Level 1.0 Stealth
 - Level 12.3 Unarmed Combat
 + Level 6.2 Invocations
 - Level 1.0 Evocations


You had 9 spell levels left.
You didn't know any spells.

Dungeon Overview and Level Annotations

Branches:
Dungeon (10/15)            Temple (1/1) D:6            Lair (0/8) D:9
    Orc (0/4) D:9

Altars:
Ashenzari
Cheibriados
Dithmenos
Elyvilon
Fedhas
Gozag
Kikubaaqudgha
Makhleb
Nemelex Xobeh
Okawaru
Qazlal
Ru
Sif Muna
Trog
Vehumet
Xom
Yredelemnul
Zin
The Shining One

Shops:
D:5 (   D:9 !

Annotations:
D:10 Fannar


Innate Abilities, Weirdness & Mutations

You have large cloven feet.
You are resistant to hostile enchantments.


Message History

This wand has 10 charges left.
Something hits you but does no damage.
You miss something. Something hits you! Something hits you but does no damage.
You miss something. Your kick misses something. Something hits you.
Something hits you!
* * * LOW HITPOINT WARNING * * *
You hit something. You punch something. Something hits you but does no damage.
You hit something. You kick something. Something hits you.
* * * LOW HITPOINT WARNING * * *
Evoke which item? (* to show all) (? for menu, Esc to quit)
Zapping:
u - a wand of frost (10)
Press: ? - help, Shift-Dir - straight line
Aim: Disturbance (purple smoke)
The puff of frost hits something.
This wand has 9 charges left.
Something hits you!
* * * LOW HITPOINT WARNING * * *
Drink which item? (? for menu, Esc to quit)
You are confused.
You feel invigorated. Something hits you!
You die...

#...[.# #.... #.....#
#.... #.....#####..#
#....>..###..# ######
#####.#.......
#....#### #.........
#....#>.## #.........
#...§.§).# ##........
#....§@.§# #........
#....{.§.# #........
#....§§§.### #........
#..∩...§...####........
#####....#........#.###
##..#.......#......
#.......#.##......
#..#.##...........
#.................


There were no monsters in sight!

Vanquished Creatures
  An ugly thing (D:8)
  3 yaks (D:8)
  2 sky beasts
  2 orc warriors
  3 ice beasts
  5 ogres
  4 centaurs
  9 giant frogs
  A big kobold (D:8)
  2 gnoll sergeants
  5 wights (D:8)
  A scorpion (D:8)
  A hound (D:8)
  3 crimson imps
  3 gnoll shamans (D:4)
  2 centaur skeletons
  3 orc wizards
  2 giant frog zombies
  A giant frog skeleton (D:9)
  7 worker ants
  Jessica (D:2)
  4 orc priests
  2 iguanas
  Natasha (thrice) (D:3)
  A hound skeleton (D:5)
  8 adders
  41 gnolls
  2 shadow imps
  An adder zombie (D:6)
  4 worms
  2 adder skeletons
  9 giant geckos
  29 orcs
  11 bats
  5 goblins
  7 hobgoblins
  17 jackals
  12 kobolds
  7 quokkas
  3 ball pythons
  8 giant cockroaches
  A giant gecko skeleton (D:4)
  4 giant newts
  2 jackal skeletons
  A jackal zombie (D:4)
  11 rats
256 creatures vanquished.

Notes
Turn   | Place    | Note
--------------------------------------------------------------
     0 | D:1      | Geeful the Human Wanderer began the quest for the Orb.
     0 | D:1      | Geeful set off with: a potion of berserk rage, a scroll of fear, a +0 hand axe, a +0 ring mail, a bread ration, a !bad item (cl:100,ty:0,pl:0,pl2:0,sp:0,qu:0), a !bad item (cl:100,ty:0,pl:0,pl2:0,sp:0,qu:0), a !bad item (cl:100,ty:0,pl:0,pl2:0,sp:0,qu:0), a !bad item (cl:100,ty:0,pl:0,pl2:0,sp:0,qu:0), a !bad item (cl:100,ty:0,pl:0,pl2:0,sp:0,qu:0), a !bad item (cl:100,ty:0,pl:0,pl2:0,sp:0,qu:0), a !bad item (cl:100,ty:0,pl:0,pl2:0,sp:0,qu:0), a !bad item (cl:100,ty:0,pl:0,pl2:0,sp:0,qu:0), a !bad item (cl:100,ty:0,pl:0,pl2:0,sp:0,qu:0), a !bad item (cl:100,ty:0,pl:0,pl2:0,sp:0,qu:0), a !bad item (cl:100,ty:0,pl:0,pl2:0,sp:0,qu:0), a !bad item (cl:100,ty:0,pl:0,pl2:0,sp:0,qu:0), a !bad item (cl:100,ty:0,pl:0,pl2:0,sp:0,qu:0), a !bad item (cl:100,ty:0,pl:0,pl2:0,sp:0,qu:0), a !bad item (cl:100,ty:0,pl:0,pl2:0,sp:0,qu:0), a !bad item (cl:100,ty:0,pl:0,pl2:0,sp:0,qu:0), a !bad item (cl:100,ty:0,pl:0,pl2:0,sp:0,qu:0), a !bad item (cl:100,ty:0,pl:0,pl2:0,sp:0,qu:0), a !bad item (cl:100,ty:0,pl:0,pl2:0,sp:0,qu:0), a !bad item (cl:100,ty:0,pl:0,pl2:0,sp:0,qu:0), a !bad item (cl:100,ty:0,pl:0,pl2:0,sp:0,qu:0), a !bad item (cl:100,ty:0,pl:0,pl2:0,sp:0,qu:0), a !bad item (cl:100,ty:0,pl:0,pl2:0,sp:0,qu:0), a !bad item (cl:100,ty:0,pl:0,pl2:0,sp:0,qu:0), a !bad item (cl:100,ty:0,pl:0,pl2:0,sp:0,qu:0), a !bad item (cl:100,ty:0,pl:0,pl2:0,sp:0,qu:0), a !bad item (cl:100,ty:0,pl:0,pl2:0,sp:0,qu:0), a !bad item (cl:100,ty:0,pl:0,pl2:0,sp:0,qu:0), a !bad item (cl:100,ty:0,pl:0,pl2:0,sp:0,qu:0), a !bad item (cl:100,ty:0,pl:0,pl2:0,sp:0,qu:0), a !bad item (cl:100,ty:0,pl:0,pl2:0,sp:0,qu:0), a !bad item (cl:100,ty:0,pl:0,pl2:0,sp:0,qu:0), a !bad item (cl:100,ty:0,pl:0,pl2:0,sp:0,qu:0), a !bad item (cl:100,ty:0,pl:0,pl2:0,sp:0,qu:0), a !bad item (cl:100,ty:0,pl:0,pl2:0,sp:0,qu:0), a !bad item (cl:100,ty:0,pl:0,pl2:0,sp:0,qu:0), a !bad item (cl:100,ty:0,pl:0,pl2:0,sp:0,qu:0), a !bad item (cl:100,ty:0,pl:0,pl2:0,sp:0,qu:0), a !bad item (cl:100,ty:0,pl:0,pl2:0,sp:0,qu:0), a !bad item (cl:100,ty:0,pl:0,pl2:0,sp:0,qu:0), a !bad item (cl:100,ty:0,pl:0,pl2:0,sp:0,qu:0), a !bad item (cl:100,ty:0,pl:0,pl2:0,sp:0,qu:0), a !bad item (cl:100,ty:0,pl:0,pl2:0,sp:0,qu:0), a !bad item (cl:100,ty:0,pl:0,pl2:0,sp:0,qu:0), a !bad item (cl:100,ty:0,pl:0,pl2:0,sp:0,qu:0), a !bad item (cl:100,ty:0,pl:0,pl2:0,sp:0,qu:0), a !bad item (cl:100,ty:0,pl:0,pl2:0,sp:0,qu:0)
     0 | D:1      | Reached XP level 1. HP: 18/18 MP: 1/1
    49 | D:1      | Reached XP level 2. HP: 20/24 MP: 2/2
   390 | D:1      | Reached XP level 3. HP: 25/29 MP: 3/3
   977 | D:2      | Reached XP level 4. HP: 35/35 MP: 4/4
  1516 | D:2      | Noticed Jessica
  1527 | D:2      | Killed Jessica
  1527 | D:2      | Reached skill level 4 in Unarmed Combat
  2005 | D:3      | Reached XP level 5. HP: 41/41 MP: 5/5
  2034 | D:3      | Noticed Natasha
  2044 | D:3      | Killed Natasha
  2225 | D:3      | Noticed an ogre
  2234 | D:3      | Killed an ogre
  2234 | D:3      | Reached skill level 5 in Unarmed Combat
  2234 | D:3      | Reached XP level 6. HP: 19/47 MP: 6/6
  2307 | D:3      | Noticed Natasha
  2491 | D:3      | Killed Natasha
  2794 | D:3      | Noticed Natasha
  2798 | D:3      | Killed Natasha
  3071 | D:3      | Reached skill level 6 in Unarmed Combat
  3285 | D:4      | Found a white marble altar of Elyvilon.
  3814 | D:3      | Reached XP level 7. HP: 38/52 MP: 7/7
  4048 | D:4      | Reached skill level 7 in Unarmed Combat
  4869 | D:4      | Reached skill level 8 in Unarmed Combat
  5246 | D:4      | Reached XP level 8. HP: 51/58 MP: 8/8
  5909 | D:4      | Reached skill level 9 in Unarmed Combat
  6471 | D:5      | Entered Level 5 of the Dungeon
  6564 | D:5      | Found a shattered altar of Ashenzari.
  6711 | D:5      | Found Roxavven's Weapon Boutique.
  6734 | D:5      | Reached skill level 10 in Unarmed Combat
  6817 | D:5      | Reached XP level 9. HP: 63/63 MP: 9/9
  7222 | D:6      | Found a staircase to the Ecumenical Temple.
  7254 | Temple   | Entered the Ecumenical Temple
  7344 | Temple   | Became a worshipper of Makhleb the Destroyer
  7827 | D:6      | Reached skill level 11 in Unarmed Combat
  8711 | D:7      | Gained mutation: You are resistant to hostile enchantments. [potion of mutation]
  8711 | D:7      | Gained mutation: You have large cloven feet. [potion of mutation]
  8711 | D:7      | Gained mutation: Your spells are a little easier to cast, but a little less powerful. [potion of mutation]
  9242 | D:8      | Noticed a cyan ugly thing
  9332 | D:8      | Reached skill level 12 in Unarmed Combat
  9504 | D:7      | Acquired Makhleb's first power
  9858 | D:8      | Reached skill level 1 in Invocations
 10085 | D:8      | Reached XP level 10. HP: 56/70 MP: 11/11
 10251 | D:8      | Killed a cyan ugly thing
 10507 | D:8      | Reached skill level 5 in Armour
 10930 | D:8      | Acquired Makhleb's second power
 11038 | D:8      | Upgraded the game from 0.17-a0-1979-g1c74939 to 0.17-a0-1987-gaf5a542
 11061 | D:8      | Reached skill level 5 in Invocations
 11663 | D:9      | Found a staircase to the Orcish Mines.
 11738 | D:9      | Found Kiryx's Distillery.
 11767 | D:9      | Found a staircase to the Lair.
 11997 | D:10     | Entered Level 10 of the Dungeon
 12192 | D:9      | Bought a potion of mutation for 40 gold pieces
 12263 | D:10     | Noticed Fannar
 12564 | D:9      | Lost mutation: Your spells are a little easier to cast, but a little less powerful. [potion of mutation]
 12564 | D:9      | Gained mutation: Your spells are a little easier to cast, but a little less powerful. [potion of mutation]
 12564 | D:9      | Gained mutation: Scrolls take you a little longer to read. [potion of mutation]
 12565 | D:9      | Lost mutation: Scrolls take you a little longer to read. [potion of cure mutation]
 12565 | D:9      | Lost mutation: Your spells are a little easier to cast, but a little less powerful. [potion of cure mutation]
 12897 | D:9      | HP: 1/70 [something (9)]
 12898 | D:9      | Slain by an unseen horror

Vault maps used:
D:1:      dpeg_arrival_tiny_g
D:2:      first_bread, uniq_jessica
D:3:      uniq_natasha
D:4:      lemuel_castle_with_subvaults, nicolae_overflow_hidden_temple
D:5:      serial_shops, kennysheep_mini, serial_park_tiny_pond,
          cheibrodos_ashenzari_chains
D:6:      temple_fountains
D:9:      lair_0_dummy, orc_0_dummy, serial_shops, shop
D:10:     serial_glass, glass_columns_b, glass_columns_c, uniq_maurice,
          uniq_psyche, uniq_fannar, uniq_josephine, uniq_maud
Temple:   kilobyte_greek_temple_18

Action                   |  1- 3 |  4- 6 |  7- 9 | 10-12 || total
-------------------------+-------+-------+-------+-------++-------
Melee: Unarmed           |   194 |   273 |   513 |   241 ||  1221
Throw: Throwing net      |       |       |       |     7 ||     7
 Abil: Evoke Berserk Rag |       |       |       |     2 ||     2
Evoke: Wand              |       |     5 |    48 |    16 ||    69
  Use: Scroll            |     1 |     8 |    10 |     4 ||    23
       Potion            |     3 |       |     3 |     7 ||    13
 Stab: Held in net/web   |       |       |       |     2 ||     2
  Eat: Chunk             |       |    10 |    19 |     7 ||    36
       Pizza             |       |       |     1 |     1 ||     2
       Beef jerky        |       |       |       |     3 ||     3
